 Dungeon Crawl Stone Soup version 0.23-a0-622-g59b4ea9 (webtiles) character file.

140 ohad the Chopper (level 5, -2/42 HPs)
             Began as a Hill Orc Gladiator on Dec 23, 2018.
             Killed from afar by an orc wizard (7 damage)
             ... with a magic dart
             ... on level 3 of the Dungeon.
             The game lasted 00:04:31 (2767 turns).

ohad the Chopper (Hill Orc Gladiator)               Turns: 2767, Time: 00:04:32

Health: -2/42      AC:  4    Str: 17    XL:     5   Next: 22%
Magic:  5/5        EV: 12    Int:  8    God:
Gold:   152        SH:  0    Dex: 13    Spells: 4/4 levels left

rFire    . . .     SeeInvis .   a - +0 war axe
rCold    . . .     Gourm    .   (no shield)
rNeg     . . .     Faith    +   b - +0 leather armour
rPois    .         Spirit   .   c - +0 helmet
rElec    .         Reflect  .   (no cloak)
rCorr    .         Harm     .   (no gloves)
MR       .....                  (no boots)
Stlth    +.........             l - amulet of faith
HPRegen  0.14/turn              (no ring)
MPRegen  0.09/turn              (no ring)

@: no status effects
A: no striking features
a: no special abilities


You were on level 3 of the Dungeon.
You were not hungry.

You visited 1 branch of the dungeon, and saw 3 of its levels.

You collected 152 gold pieces.

Inventory:

Hand Weapons
 a - a +0 war axe (weapon)
 y - a +0 blowgun
Missiles
 d - 2 throwing nets (quivered)
 v - 15 bolts
 x - 14 poisoned needles
Armour
 b - a +0 leather armour (worn)
 c - a +0 helmet (worn)
Jewellery
 l - an amulet of faith (around neck)
Scrolls
 e - a scroll of fog {unknown}
 h - 4 scrolls of teleportation {unknown}
 i - a scroll of blinking {unknown}
 m - 4 scrolls of identify {unknown}
 n - 4 scrolls of remove curse {unknown}
 q - 2 scrolls of amnesia {unknown}
 r - a scroll of fear {unknown}
 t - a scroll of magic mapping {unknown}
Potions
 g - a potion of invisibility {unknown}
 j - 3 potions of heal wounds {unknown}
 k - a potion of berserk rage {unknown}
 o - 2 potions of agility {unknown}
 p - a potion of haste {unknown}
 s - 3 potions of brilliance {unknown}
 u - a potion of mutation {unknown}
 w - a potion of curing {unknown}
Comestibles
 f - 8 rations
 z - 3 chunks of flesh


   Skills:
 - Level 2.4 Fighting
 + Level 7.6 Axes
 - Level 1.7 Throwing
 - Level 2.4 Dodging


You had 4 spell levels left.
You didn't know any spells.
Your spell library contained the following spells:

 Spells                   Type           Power        Failure   Level  Hunger
 Malign Gateway           Summ/Tloc      #.........   100%        7    #######
 Monstrous Menagerie      Summ           #.........   100%        7    #######
 Summon Greater Demon     Summ           #.........   100%        7    #######
 Summon Horrible Things   Summ           #.........   100%        8    #######


Dungeon Overview and Level Annotations

Branches:
Dungeon (3/15)

Altars:
Uskayaw


Message History

You closely miss the orc wizard.
The orc wizard gestures at you while chanting.
The magic dart hits you!
The orc hits you from afar with a +0 trident.
You slash the orc wizard!
The orc wizard is almost dead.
The orc wizard hits you with a +0 dagger.
The orc wizard points at you and mumbles some strange words.
The magic dart hits you!
* * * LOW HITPOINT WARNING * * *
The orc closely misses you.
Throwing (i - inventory)
d - 3 throwing nets (quivered)
Press: ? - help, Shift-Dir - straight line, f - orc wizard
Aim: an orc wizard, wielding a +0 dagger and wearing a +0 robe (almost dead, You throw a throwing net.
The throwing net hits the orc wizard.
The orc wizard is caught in the net!
The orc wizard is almost dead.
The orc wizard gestures at you while chanting.
The magic dart hits you!
You die...

#......###### #.#.#
####'##########.#.#
##>...............
#...##########.#.#
#..###### #.#.#
#........# #.#..
#.######.# #.#..
#o# #.#.. #@# #.#..
#.# #.#.. ##### #o#
#.#.. ......#####o#
#.. .)..o.o.....#
### ......####### #
..... o... ...


You could see an orc wizard (caught) and 2 orcs.

Vanquished Creatures
  Jessica (D:3)
  3 adders (D:2)
  An ooze (D:2)
  4 worms (D:2)
  6 leopard geckos
  An orc (D:3)
  3 giant cockroaches
  11 goblins
  10 hobgoblins
  A quokka (D:2)
  2 bats (D:2)
  3 frilled lizards
  7 kobolds
  12 rats
65 creatures vanquished.

Notes
Turn   | Place    | Note
-------+----------+-------------------------------------------
     0 | D:1      | ohad the Hill Orc Gladiator began the quest for the Orb.
     0 | D:1      | Reached XP level 1. HP: 18/18 MP: 1/1
    10 | D:1      | Noticed an electric eel
    95 | D:1      | Reached XP level 2. HP: 16/25 MP: 2/2
   274 | D:1      | Reached skill level 5 in Axes
   505 | D:1      | Reached XP level 3. HP: 24/30 MP: 3/3
  1036 | D:2      | Reached skill level 6 in Axes
  1267 | D:2      | Reached XP level 4. HP: 20/37 MP: 4/4
  1685 | D:2      | Reached skill level 7 in Axes
  2390 | D:3      | Noticed Jessica
  2397 | D:3      | Killed Jessica
  2397 | D:3      | Reached XP level 5. HP: 33/42 MP: 5/5
  2546 | D:3      | Found a hide-covered altar of Uskayaw.
  2767 | D:3      | Killed from afar by an orc wizard

Vault maps used:
D:1:      arrival_aquarium_a
D:2:      first_ration, minmay_joined_circles
D:3:      nicolae_overflow_crystal_walls, uniq_ijyb, uniq_jessica

Skill      XL: |  1  2  3  4 |
---------------+-------------+-----
Axes           | 5 6 7 |  7.6
Fighting       | |  2.4
Throwing       | |  1.7
Dodging        | |  2.4

Action                   |  1- 3 |  4- 6 || total
-------------------------+-------+-------++-------
Melee: War axe           |   109 |    83 ||   192
Throw: Throwing net      |       |     1 ||     1
 Stab: Sleeping          |       |     1 ||     1
  Eat: Chunk             |     1 |     5 ||     6
Armor: Leather armour    |    27 |    15 ||    42
Dodge: Dodged            |    79 |    67 ||   146

Table legend:
 A = Non-vault XP
 B = Vault XP
 C = Vault XP percentage of total XP
 D = Non-vault monster count
 E = Vault monster count
 F = Vault count percentage of total count
                 A         B        C        D         E       F
            +---------+---------+-------+---------+---------+-------
      Total |     121 |      79 |  39.5 |      52 |      13 |  20.0
            +---------+---------+-------+---------+---------+-------
        D:1 |      42 |       0 |   0.0 |      24 |       0 |   0.0
        D:2 |      62 |      42 |  40.4 |      18 |      12 |  40.0
        D:3 |      17 |      37 |  68.5 |      10 |       1 |   9.1
            +---------+---------+-------+---------+---------+-------
